 Dungeon Crawl Stone Soup version 0.29-a0-575-g0dc89cf053 (webtiles) character file.

Game seed: 11028467160374387159

160 spaghetti the Ruffian (level 5, 0/49 HPs)
             Began as a Naga Berserker on June 12, 2022.
             Was a Believer of Trog.
             Slain by a black bear (5 damage)
             ... on level 4 of the Dungeon on June 13, 2022.
             The game lasted 00:04:27 (3900 turns).

spaghetti the Ruffian (Naga Berserker)              Turns: 3900, Time: 00:04:28

Health: 0/49       AC:  2    Str: 21    XL:     5   Next: 41%
Magic:  4/4        EV:  9    Int: 10    God:    Trog [**....]
Gold:   144        SH:  0    Dex: 10    Spells: 4/4 levels left

rFire   . . .      SeeInvis +   r - +9 rapier "Momeilinimp" {antimagic, Int+2, short}
rCold   . . .      Faith    .   (no shield)
rNeg    . . .      Spirit   .   a - +0 animal skin
rPois   +          Reflect  .   (no helmet)
rElec   .          Harm     .   (no cloak)
rCorr   .          Rampage  .   (no gloves)
Will    .....                   (no barding)
Stlth   +.........              (no amulet)
HPRegen 0.16/turn               m - ring of magical power
MPRegen 0.09/turn               (no ring)

@: on berserk cooldown, slowed, very slow
A: AC +1, large, see invisible, deformed body, poison resistance, slowness 2,
spit poison 1, naga tail 1
a: Spit Poison, Renounce Religion, Berserk, Trog's Hand


You were on level 4 of the Dungeon.
You worshipped Trog.
Trog was pleased with you.
You visited 1 branch of the dungeon, and saw 4 of its levels.

You collected 144 gold pieces.


Innate Abilities, Weirdness & Mutations

Your serpentine skin is tough. (AC +1)
You have supernaturally acute eyesight. (SInv)
Armour fits poorly on your strangely shaped body.
Your system is resistant to poisons. (rPois)
You cover ground very slowly.
You can spit poison.
You have a snake-like lower body.


   Skills:
 - Level 3.0 Fighting
 + Level 0.8 Short Blades
 - Level 1.5 Armour
 - Level 1.5 Dodging
 - Level 5.8 Unarmed Combat


You had 4 spell levels left.
You didn't know any spells.
Your spell library contained the following spells:

 Spells                   Type           Power      Damage    Failure   Level
 Apportation              Tloc           0%         N/A       36%         1
 Magic Dart               Conj           0%         1d3       36%         1
 Necrotize                Necr           0%         1d4       36%         1
 Summon Small Mammal      Summ           0%         N/A       36%         1
 Searing Ray              Conj           0%         2d4       50%         2
 Sublimation of Blood     Necr           0%         N/A       50%         2
 Fulminant Prism          Conj/Hex       0%         3d6       98%         4
 Petrify                  Tmut/Erth      0%         N/A       98%         4
 Irradiate                Conj/Tmut      0%         3d13      100%        5

Inventory:

Hand Weapons
 r - the +9 rapier "Momeilinimp" (weapon) {antimagic, Int+2, short}
   (You found it on level 4 of the Dungeon)

   It reduces the magical energy of the wielder, and disrupts the spells and
   magical abilities of those it strikes.
   Natural abilities and divine invocations are not affected.
   Int:       It affects your intelligence (+2).
Missiles
 g - a throwing net {=f!fthrowing}
 l - 93 stones (quivered) {throwing}
Armour
 a - a +0 animal skin (worn)
Jewellery
 d - a ring of poison resistance
   (You found it on level 1 of the Dungeon)
 m - a ring of magical power (left hand)
   (You found it on level 2 of the Dungeon)
Scrolls
 f - a scroll of teleportation {unknown}
 j - 2 scrolls of magic mapping {unknown}
 k - a scroll of enchant armour {unknown}
 o - a scroll of blinking {unknown}
 p - 2 scrolls of enchant weapon {unknown}
 q - a scroll of identify {unknown}
 t - a scroll of amnesia {unknown}
 u - a scroll of summoning {unknown}
Potions
 b - a potion of attraction {unknown}
 c - 2 potions of heal wounds {unknown}
 e - 3 potions of curing {@q1}
 h - a potion of magic {unknown}
 i - a potion of degeneration {unknown}
 n - a potion of might {unknown}
 s - a potion of ambrosia {unknown}
 v - 2 potions of haste {unknown}

Dungeon Overview and Level Annotations

Branches:
Dungeon (4/15)
 Temple: D:4-7

Altars:
Elyvilon
Fedhas
Qazlal
Xom

### ..# ..
.## #h## ###
#@)####.....
##)#........
#.)..#....#
#)...#...#
##....#...
#......#
#......#
#......#
#.##...##


You could see a black bear.


Message History

You are too injured to fight recklessly!
You are too injured to fight recklessly!
You are too injured to fight recklessly!
You are too injured to fight recklessly!
You are too injured to fight recklessly!
You are too injured to fight recklessly!
You are too injured to fight recklessly!
You are too injured to fight recklessly!
You are too injured to fight recklessly!
You are too injured to fight recklessly!
You are too injured to fight recklessly!
An orc comes into view. It is wielding a +0 trident.
The orc shouts!
You hear a shout!
An orc comes into view. It is wielding a +0 whip. 😕 HP[+1]
You hit the orc. The orc closely misses you.
You barely miss the orc. You punch the orc. The orc completely misses you.
You puncture the orc!
You kill the orc!
Trog accepts your kill.
You hit the orc. The orc hits you but does no damage.
The orc closely misses you.
The orc hits you with a +0 dagger. 😕 HP[-1]
You take 1 damage, and now have 45/49 hp.
You hit the orc.
The orc hits you from afar with a +0 trident. 😕 HP[-3]
You take 3 damage, and now have 42/49 hp.
The orc barely misses you. The orc hits you with a +0 trident.
The orc hits you with a +0 dagger.
Things that are here:
a +0 mace {mace}; an orc corpse; 😕 HP[-5]
You take 5 damage, and now have 37/49 hp.
You are too injured to fight recklessly!
You hit the orc. The orc hits you with a +0 whip.
The orc hits you with a +0 trident! The orc hits you with a +0 dagger.
* * * LOW HITPOINT WARNING * * *
😨 HP[-15]
You take 15 damage, and now have 22/49 hp.
MASSIVE DAMAGE!! (PAUSE)
A red film seems to cover your vision as you go berserk!
You feel yourself moving faster!
You feel mighty! The orc closely misses you. The orc hits you with a +0 whip.
* * * LOW HITPOINT WARNING * * *
The orc hits you with a +0 trident.
* * * LOW HITPOINT WARNING * * *
😨 HP[+3]
You now have 73 max hp (+24).
You regained 3 hp, and now have 25/73 hp.
You puncture the orc!
You kill the orc!
Trog accepts your kill. The orc hits you with a +0 whip.
* * * LOW HITPOINT WARNING * * *
The orc barely misses you. 😨 HP[-1]
You take 1 damage, and now have 24/73 hp.
You puncture the orc!
You kill the orc!
Trog accepts your kill. The orc closely misses you.
You puncture the orc!
You kill the orc!
Trog accepts your kill. 😨 HP[+1]
You start resting.
You feel a strong urge to attack something.
You start resting.
You feel your anger nearly subside.
You are no longer berserk.
You are exhausted.
You feel yourself slow down. 😨 HP[-8]
You now have 49 max hp (-24).
Unknown command.
Unknown command.
Unknown command.
Unknown command.
You are unable to berserk.
You are slowed.
Your movement speed is very slow.
Your attack delay is about 1.7.
Your base attributes are Str 21, Int 8, Dex 10.
A black bear comes into view. 😨 HP[+3]
You regained 3 hp, and now have 20/49 hp.
A black bear is nearby!
A black bear is nearby!
A black bear is nearby!
A black bear is nearby!
The black bear growls angrily.
Things that are here:
a +0 whip {mace}; 13 gold pieces; an orc corpse You closely miss the black bear.
The black bear bites you.
* * * LOW HITPOINT WARNING * * *
The black bear claws you.
* * * LOW HITPOINT WARNING * * *
The black bear claws you.
* * * LOW HITPOINT WARNING * * *
The black bear bites you!
* * * LOW HITPOINT WARNING * * *
The black bear closely misses you. The black bear claws you.
You die...

Skill      XL: |  1  2  3 |
---------------+----------+-----
Unarmed Combat | 4 5 |  5.8
Fighting       | |  3.0
Short Blades   | |  0.8
Armour         | |  1.5
Dodging        | |  1.5

Action                   |  1- 3 |  4- 6 || total
-------------------------+-------+-------++-------
Melee: Unarmed           |   106 |    55 ||   161
       Punch             |     3 |     3 ||     6
       Rapier            |       |    15 ||    15
Throw: Stone             |       |    18 ||    18
Invok: Berserk           |     2 |     2 ||     4
  Use: Potion            |     1 |       ||     1
 Stab: Sleeping          |       |     1 ||     1
Armor: Animal skin       |    27 |    13 ||    40
Dodge: Dodged            |    38 |    39 ||    77

Levels and vault maps discovered:
D:1:      eino_arrival_druids_welcome, layout_basic,
          shapermc_ecumenical_altar_rom_forum
D:2:      layout_basic, basic_altar
D:3:      wad_pebble_path, layout_basic, mainiacjoe_overflow_alcove_3,
          minmay_misc_feat_alley, minmay_misc_feat_x, uniq_jessica
D:4:      layout_cave_pods, minmay_temple_entry_antechambers

Notes
Turn   | Place    | Note
-------+----------+-------------------------------------------
     0 | D:1      | spaghetti the Naga Berserker began the quest for the Orb.
     0 | D:1      | Reached XP level 1. HP: 21/21 MP: 1/1
     0 | D:1      | magus.rc [v1.9.6]
   391 | D:1      | Found a faded altar of an unknown god.
   395 | D:1      | Reached XP level 2. HP: 24/28 MP: 2/2
   597 | D:1      | You pick up a book of Conjurations {forbidden@e2} and begin
                  | reading...
   597 | D:1      | You add the spells Magic Dart, Searing Ray and Fulminant
                  | Prism to your library.
   626 | D:1      | Got Plato's Papyrus of Translocation {forbidden}
   956 | D:1      | Reached skill level 4 in Unarmed Combat
  1045 | D:1      | You pick up a book of Cantrips {forbidden} and begin
                  | reading...
  1045 | D:1      | You add the spells Necrotize and Summon Small Mammal to
                  | your library.
  1293 | D:2      | Reached XP level 3. HP: 28/34 MP: 3/3
  1355 | D:2      | Found a shimmering altar of Xom.
  1937 | D:2      | HP: 6/34 [adder (4)]
  2199 | D:3      | You pick up a book of Alchemy {forbidden} and begin
                  | reading...
  2199 | D:3      | You add the spells Sublimation of Blood, Petrify and
                  | Irradiate to your library.
  2256 | D:3      | Noticed Jessica
  2265 | D:3      | Killed Jessica
  2266 | D:3      | Reached skill level 5 in Unarmed Combat
  2266 | D:3      | Reached XP level 4. HP: 33/42 MP: 4/4
  2426 | D:3      | Reached XP level 5. HP: 49/49 MP: 5/5
  2686 | D:3      | magus.rc [v1.9.6]
  2704 | D:3      | Found a white marble altar of Elyvilon.
  2706 | D:3      | Found a blossoming altar of Fedhas.
  2709 | D:3      | Found a stormy altar of Qazlal.
  2710 | D:3      | Found a shimmering altar of Xom.
  3398 | D:4      | Reached ** piety under Trog
  3709 | D:4      | Identified the +9 rapier "Momeilinimp" {antimagic, Int+2}
  3898 | D:4      | Noticed a black bear
  3900 | D:4      | HP: 12/49 [black bear (5)]
  3900 | D:4      | HP: 5/49 [black bear (7)]
  3900 | D:4      | Slain by a black bear

Vanquished Creatures
  Jessica (D:3)
  An orc wizard (D:3)
  4 adders
  2 dart slugs
  8 orcs
  5 ball pythons
  5 bats
  3 endoplasms
  4 giant cockroaches
  4 goblins
  6 hobgoblins
  6 quokkas
  A frilled lizard (D:3)
  A kobold (D:2)
  3 rats
54 creatures vanquished.

Vanquished Creatures (others)
  A fungus (D:1)
1 creature vanquished.

Grand Total: 55 creatures vanquished

Table legend:
 A = Non-vault XP
 B = Vault XP
 C = Vault XP percentage of total XP
 D = Non-vault monster count
 E = Vault monster count
 F = Vault count percentage of total count
                 A         B        C        D         E       F
            +---------+---------+-------+---------+---------+-------
      Total |     192 |      37 |  16.2 |      53 |       1 |   1.9
            +---------+---------+-------+---------+---------+-------
        D:1 |      31 |       0 |   0.0 |      15 |       0 |   0.0
        D:2 |      37 |       0 |   0.0 |      13 |       0 |   0.0
        D:3 |      85 |      37 |  30.3 |      14 |       1 |   6.7
        D:4 |      39 |       0 |   0.0 |      11 |       0 |   0.0
            +---------+---------+-------+---------+---------+-------

Illustrated notes

Table legend:
 A = Kills in this place as a percentage of kills in entire the game.
 B = Kills by you in this place as a percentage of kills by you in the entire game.
 C = Kills by friends in this place as a percentage of kills by friends in the entire game.
 D = Other kills in this place as a percentage of other kills in the entire game.
 E = Experience gained in this place as a percentage of experience gained in the entire game.
 F = Experience gained in this place divided by the number of levels of this place that you have seen.
                   A       B       C       D       E      F
               +-------+-------+-------+-------+-------+----------------------
         Total | 100.0 | 100.0 |   N/A |   N/A | 100.0 |  57.2
       Dungeon | 100.0 | 100.0 |   N/A |   N/A | 100.0 |  57.2
               +-------+-------+-------+-------+-------+----------------------

Table legend: (Time is in decaauts)
 A = Elapsed time spent in this place.
 B = Non-inter-level travel time spent in this place.
 C = Inter-level travel time spent in this place.
 D = Time resting spent in this place.
 E = Time spent auto-exploring this place.
 F = Levels seen in this place.
 G = Mean time per level.
                   A        B        C        D        E       F      G
               +--------+--------+--------+--------+--------+-----+--------+
         Total |   4712 |   4643 |     69 |     41 |   4121 |   4 | 1178.0 |
       Dungeon |   4712 |   4643 |     69 |     41 |   4121 |   4 | 1178.0 |
               +--------+--------+--------+--------+--------+-----+--------+

Top non-repeatable levels by time:
     D:3: 1509 daAuts
     D:1: 1394 daAuts
     D:2: 1171 daAuts
     D:4: 637 daAuts
